 Dungeon Crawl Stone Soup version 0.19-a0-1638-ga6c562e (webtiles) character file.

72 vale the Slasher (level 4, -2/33 HPs)
             Began as a Demonspawn Warper on Sept 20, 2016.
             Slain by a gnoll
             ... wielding a +0 whip
              (10 damage)
             ... on level 2 of the Dungeon.
             The game lasted 00:09:04 (3018 turns).

vale the Slasher (Demonspawn Warper)                Turns: 3018, Time: 00:09:04

Health: -2/33      AC:  3    Str: 11    XL:     4   Next: 7%
Magic:  7/7        EV: 12    Int: 15    God:
Gold:   92         SH:  0    Dex: 13    Spells: 3 memorised, 2 levels left

rFire  . . .     SeeInvis .     a - +0 falchion
rCold  . . .     Gourm    .     b - +0 leather armour
rNeg   . . .     Faith    .     (no shield)
rPois  .         Spirit   .     (helmet restricted)
rElec  .         Dismiss  .     (no cloak)
rCorr  .         Reflect  .     (no gloves)
MR     .....     Harm     .     (no boots)
Stlth  ++........               (no amulet)
                                (no ring)
                                (no ring)

@: no status effects
A: horns 1, nightstalker 1
a: no special abilities


You were on level 2 of the Dungeon.
You were hungry.

You visited 1 branch of the dungeon, and saw 3 of its levels.

You collected 92 gold pieces.

Inventory:

Hand Weapons
 a - a +0 falchion (weapon)
Missiles
 p - 58 stones (quivered)
 w - 4 tomahawks
Armour
 b - a +0 leather armour (worn)
 o - a +2 buckler
 s - a +0 ring mail
Jewellery
 k - an uncursed ring of poison resistance {unknown}
 q - a cursed ring of teleportation {unknown}
Scrolls
 d - a scroll of blinking
 g - a scroll of remove curse {unknown}
 h - 2 scrolls of identify {unknown}
 m - a scroll of immolation {unknown}
 n - 2 scrolls of enchant weapon {unknown}
 r - a scroll of recharging {unknown}
 t - a scroll of noise {unknown}
Potions
 i - a potion of agility {unknown}
 j - 2 potions of curing {unknown}
 l - a potion of lignification {unknown}
 u - a potion of flight {unknown}
 v - a potion of might {unknown}
Books
 c - a book of Spatial Translocations

   Spells                             Type                      Level
   a - Apportation                    Translocation                1
   b - Blink                          Translocation                2
   c - Shroud of Golubria             Charms/Translocation         2
   d - Portal Projectile              Translocation                3
   e - Teleport Other                 Translocation                3
   f - Passage of Golubria            Translocation                4
Comestibles
 f - 4 bread rations {@e1}
 x - 2 chunks of flesh {@w0}


   Skills:
 - Level 2.0 Fighting
 + Level 4.0 Long Blades
 - Level 0.8 Throwing
 - Level 0.8 Armour
 - Level 1.7 Dodging
 - Level 2.0 Spellcasting
 - Level 2.6 Translocations


You had 2 spell levels left.
You knew the following spells:

 Your Spells              Type           Power        Failure   Level  Hunger
b - Shroud of Golubria    Chrm/Tloc      #.........   30%         2    ###....
k - Apportation           Tloc           #.........   12%         1    #......
p - Blink                 Tloc           N/A          17%         2    ###....


Dungeon Overview and Level Annotations

Branches:
Dungeon (3/15)

Altars:


Innate Abilities, Weirdness & Mutations

You have a pair of small horns on your head.
You are slightly more attuned to the shadows.


Message History

There is a stone staircase leading down here.
The gnoll shouts!
You closely miss the gnoll.
You headbutt the gnoll, but do no damage.
The gnoll hits you with a whip.
You take 5 damage, and have 20/33 hp.
You hit the gnoll. The gnoll barely misses you.
You hit the gnoll. The gnoll hits you with a whip!
* * * LOW HITPOINT WARNING * * *
You take 9 damage, and have 12/33 hp.
MASSIVE DAMAGE!!
You closely miss the gnoll.
You headbutt the gnoll, but do no damage.
The gnoll hits you with a whip.
* * * LOW HITPOINT WARNING * * *
You take 5 damage, and have 7/33 hp.
The gnoll barely misses you.
The gnoll shouts!
The gnoll hits you but does no damage. The gnoll hits you with a whip!
You die...

...# ....#.....# ...#######
#.......######
.........#####.............######
.........##..........#######.....
##.....#.##.##.............#.#..#
#.....#.##.##############)#.#..#
##.....#.##.# ####.......#.#.#..#
.......#....###..........#.###..#
.......######..g@#.......#......#
.#............####.#.....#####.##
.#########.#.#...#.#.....##.##.##
.#########.#.#.#.#.#...#....##...
.......).#.#..'#.#.#........#####
###..###.#.#####...###.####......
.......#.#.# ######......#######
#.#........####......##.#.#......
..##.....####...###.###.#...#####


You could see a gnoll.

Vanquished Creatures
  2 gnolls
  An ooze (D:1)
  2 worms (D:2)
  2 dart slugs (D:2)
  A leopard gecko (D:2)
  An orc (D:2)
  A giant cockroach (D:2)
  3 hobgoblins
  3 jackals (D:1)
  5 kobolds
  6 bats (D:1)
  4 frilled lizards
  6 goblins
  2 rats (D:2)
39 creatures vanquished.

Notes
Turn   | Place    | Note
-------+----------+-------------------------------------------
     0 | D:1      | vale the Demonspawn Warper began the quest for the Orb.
     0 | D:1      | Reached XP level 1. HP: 16/16 MP: 3/3
    17 | D:1      | Reached skill level 2 in Long Blades
   162 | D:1      | Gained mutation: You have a pair of small horns on your head. [demonic ancestry]
   162 | D:1      | Reached XP level 2. HP: 21/22 MP: 5/5
   588 | D:1      | Reached skill level 3 in Long Blades
   592 | D:1      | Learned a level 2 spell: Blink
   595 | D:1      | Learned a level 2 spell: Shroud of Golubria
   922 | D:2      | Gained mutation: You are slightly more attuned to the shadows. [demonic ancestry]
   922 | D:2      | Reached XP level 3. HP: 20/27 MP: 6/6
  2693 | D:2      | Reached XP level 4. HP: 19/33 MP: 7/7
  2836 | D:2      | Reached skill level 4 in Long Blades
  3018 | D:2      | Slain by a gnoll

Vault maps used:
D:1:      shiori_arrival_oz
D:2:      serial_co_window_serial, co_window_paths_b, co_window_paths_b,
          co_window_corner_a, co_window_paths_a, co_window_of_opportunity_a,
          co_window_paths_a, co_window_paths_a, co_window_paths_a,
          co_window_paths_b, co_window_corner_cb, co_window_unsneaky_path_e,
          co_window_2corner, co_window_of_opportunity_b,
          co_window_of_opportunity_b, co_window_of_opportunity_c,
          co_window_unsneaky_path_b, co_window_paths_e, co_window_paths_d,
          glass_columns_b, glass_columns_c, first_bread, uniq_terence
D:3:      serial_bayou_pond_a

Skill      XL: |  1  2  3  4 |
---------------+-------------+-----
Long Blades    | 2 3 4 |  4.0
Fighting       | |  2.0
Throwing       | |  0.8
Armour         | |  0.8
Dodging        | |  1.7
Spellcasting   | |  2.0
Translocations | |  2.6

Action                   |  1- 3 |  4- 6 || total
-------------------------+-------+-------++-------
Melee: Falchion          |   137 |    10 ||   147
       Headbutt          |    14 |     4 ||    18
Throw: Tomahawk          |     9 |       ||     9
       Stone             |    13 |       ||    13
 Stab: Sleeping          |     1 |       ||     1
  Eat: Chunk             |     6 |       ||     6
Armor: Leather armour    |    23 |     1 ||    24
Dodge: Dodged            |    56 |     3 ||    59
